 Dungeon Crawl Stone Soup version 0.30-a0-585-g93115170b9 (webtiles) character file.

Game seed: 6821005400965154744

1482 bande the Chopper (level 8, -2/51 HPs)
             Began as a Gargoyle Fighter on Jan 3, 2023.
             Slain by a yak (12 damage)
             ... on level 5 of the Dungeon.
             The game lasted 00:07:18 (3760 turns).

bande the Chopper (Gargoyle Fighter)                Turns: 3760, Time: 00:07:18

Health: -2/51      AC: 20    Str: 19    XL:     8   Next: 79%
Magic:  8/8        EV:  5    Int: 10    God:
Gold:   738        SH:  5    Dex: 11    Spells: 7/7 levels left

rFire   . . .      SeeInvis .    a - +1 war axe (freeze)
rCold   . . .      Faith    .    c - +0 buckler
rNeg    + . .      Spirit   .    g - +0 plate armour
rPois   ∞          Reflect  .    (no helmet)
rElec   +          Harm     .    (no cloak)
rCorr   .          Rampage  .    (no gloves)
Will    .....                    e - +1 pair of boots Stlth
                                 (no amulet)
HPRegen 0.28/turn                (no ring)
MPRegen 0.11/turn                (no ring)

@: no status effects
A: sickness immunity, AC +5, negative energy resistance 1, electricity
resistance, torment resistance 1, petrification resistance
a: no special abilities


You were on level 5 of the Dungeon.
You visited 1 branch of the dungeon, and saw 5 of its levels.
You also visited: Ossuary.

You collected 738 gold pieces.

Inventory:

Hand Weapons
 a - a +1 war axe of freezing (weapon)
 p - a +0 flail
Armour
 c - a +0 buckler (worn)
 e - a +1 pair of boots (worn)
 g - a +0 plate armour (worn)
Scrolls
 k - 3 scrolls of blinking
 o - 2 scrolls of fog
Potions
 b - 2 potions of curing
 d - 6 potions of might
 f - 3 potions of heal wounds
 h - 3 potions of brilliance
 i - a potion of magic
 j - 2 potions of flight
 l - 2 potions of lignification {unknown}
 m - 2 potions of berserk rage
 n - 2 potions of attraction {unknown}
 s - a potion of ambrosia {unknown}
 t - a potion of cancellation {unknown}
 v - a potion of resistance {unknown}


   Skills:
 + Level 5.7 Fighting
 + Level 7.6 Axes
 + Level 5.9 Armour
 - Level 0.3 Dodging
 + Level 4.5 Shields


You had 7 spell levels left.
You didn't know any spells.
Your spell library contained the following spells:

 Spells                   Type           Power      Damage    Failure   Level
 Wereblood                Tmut           0%         N/A       100%        2
 Summon Hydra             Summ           0%         N/A       100%        7
 Sublimation of Blood     Necr           Unusable   N/A       N/A         2

Dungeon Overview and Level Annotations

Branches:
Dungeon (5/15)            Ossuary (visited)
 Temple: D:4-7

Altars:
Ashenzari
Dithmenos
Qazlal
Uskayaw
Vehumet

Shops:
D:5 [


Innate Abilities, Weirdness & Mutations

You are immune to sickness and miasma.
Your stone body is resilient. (AC +5)
You are immune to poison.
You resist negative energy. (rN+)
You are resistant to electric shocks. (rElec)
You are resistant to unholy torment.
You are immune to petrification.


Message History

Unknown command.
You hit the gnoll sergeant. You freeze the gnoll sergeant.
The gnoll sergeant is heavily wounded.
You hit the yak but do no damage.
The gnoll sergeant hits you but does no damage.
The yak gores you.
You hit the gnoll sergeant but do no damage.
The gnoll sergeant is heavily wounded.
You barely miss the yak. The yak gores you!
* * * LOW HITPOINT WARNING * * *
The gnoll sergeant hits you with a +0 heavy spear.
* * * LOW HITPOINT WARNING * * *
The yak barely misses you.
You hit the gnoll sergeant but do no damage.
The gnoll sergeant is heavily wounded.
You barely miss the yak. You block the gnoll sergeant's attack.
The yak gores you but does no damage.
Unknown command.
You hit the gnoll sergeant. You freeze the gnoll sergeant.
The gnoll sergeant is heavily wounded.
You hit the yak but do no damage. The yak gores you but does no damage.
The gnoll sergeant hits you with a +0 heavy spear.
* * * LOW HITPOINT WARNING * * *
You slash the gnoll sergeant! You freeze the gnoll sergeant.
You kill the gnoll sergeant!
You hit the yak but do no damage. You block the yak's attack.
Unknown command.
You block the yak's attack.
Things that are here:
a +0 heavy spear; a +0 scale mail; a gnoll corpse You hit the yak.
You freeze the yak.
The yak is moderately wounded.
The yak gores you but does no damage.
You hit the yak but do no damage.
The yak is moderately wounded.
The yak gores you but does no damage.
You hit the yak. You freeze the yak.
The yak is heavily wounded.
The yak gores you but does no damage. The yak gores you!
You die...

#.# *,,*****~~~,,~~~#####.. ##.#
*,,,,##≈≈≈≈..≈~~~*#....
.†.########,*,##≈≈≈≈≈..≈~~~~##...
...........,,##≈≈≈≈≈≈..≈~~~~~##..
...########*##≈≈≈≈≈≈≈..≈~~~~~~###
##.# #≈≈≈≈≈≈≈≈..≈~~~~~~~#. #.#
######≈≈≈≈≈≈≈≈..≈~~~~~~~##
#.#####....#≈≈≈≈≈≈≈.!(.~~~~~~~##
##....>.....'...@.......,,,,,,,+.
............'...Y.......,,,,,,,+.
............#≈≈≈≈≈≈≈....~~~~~~~#.
...)........#≈≈≈≈≈≈≈≈..≈~~~~~~~#.
............#≈≈≈≈≈≈≈≈..≈~~~~~~~#.
#...........##≈≈≈≈≈≈≈..≈~~~~~~##.
#...........###≈≈≈≈≈≈..≈~~~~~##..
#...######...,##≈≈≈≈≈..≈~~~~##...
##..#*****.#*****~~~~,,~~~~##....


You could see a yak.

Vanquished Creatures
  Grinder (D:3)
  2 water moccasins (D:5)
  An ogre (D:4)
  A black bear (D:4)
  A gnoll sergeant (D:5)
  2 scorpions
  A bullfrog (D:3)
  6 water moccasin zombies (Ossuary)
  An orc priest (D:3)
  A hound (D:4)
  A jelly (D:5)
  An iguana (D:4)
  3 mummies
  4 gnolls (D:3)
  3 adders
  4 adder zombies (Ossuary)
  2 adder skeletons (D:2)
  A dart slug (D:1)
  9 orcs
  4 ball pythons
  A bat zombie (D:2)
  3 endoplasms
  A giant cockroach (D:4)
  10 goblins
  6 hobgoblins
  6 kobolds
  3 quokkas
  A ball python zombie (D:2)
  2 bats (D:3)
  2 frilled lizards
  4 gnoll zombies (Ossuary)
  A goblin zombie (D:5)
  4 hobgoblin zombies (Ossuary)
  8 kobold zombies (Ossuary)
  5 orc zombies (Ossuary)
  21 rats
127 creatures vanquished.

Notes
Turn   | Place    | Note
-------+----------+-------------------------------------------
     0 | D:1      | bande the Gargoyle Fighter began the quest for the Orb.
     0 | D:1      | Reached XP level 1. HP: 14/14 MP: 1/1
    91 | D:1      | Reached XP level 2. HP: 11/19 MP: 2/2
   328 | D:1      | Found a faded altar of an unknown god.
   451 | D:1      | Reached skill level 2 in Axes
   470 | D:1      | Reached XP level 3. HP: 22/24 MP: 3/3
   699 | D:2      | Found a hide-covered altar of Uskayaw.
  1128 | D:3      | Found a shadowy altar of Dithmenos.
  1129 | D:3      | Found a broken altar of Ashenzari.
  1136 | D:3      | Reached XP level 4. HP: 29/29 MP: 4/4
  1350 | D:3      | Noticed a scorpion
  1358 | D:3      | Killed a scorpion
  1359 | D:3      | Reached skill level 3 in Axes
  1359 | D:3      | Reached XP level 5. HP: 33/33 MP: 5/5
  1361 | D:3      | Found a radiant altar of Vehumet.
  1380 | D:3      | Reached skill level 4 in Axes
  1469 | D:3      | Reached XP level 6. HP: 38/38 MP: 6/6
  1478 | D:3      | Noticed Grinder
  1483 | D:3      | Paralysed by Grinder for 4 turns
  1495 | D:3      | Killed Grinder
  1736 | D:3      | Identified the +6 dagger "Plog" {heavy, rElec Stlth+}
  1828 | D:3      | Reached skill level 5 in Axes
  1834 | D:3      | Reached XP level 7. HP: 26/44 MP: 7/7
  2182 | D:3      | Found a stormy altar of Qazlal.
  2213 | D:4      | Reached skill level 5 in Armour
  2364 | D:4      | Identified the +4 short sword of a sewer {holy, rCorr}
  3128 | D:5      | Entered Level 5 of the Dungeon
  3131 | D:5      | Found Jehofaipn's Antique Armour Boutique.
  3147 | D:5      | Reached skill level 5 in Fighting
  3147 | D:5      | Reached skill level 6 in Axes
  3147 | D:5      | Reached XP level 8. HP: 43/49 MP: 8/8
  3253 | D:5      | Found a sand-covered staircase.
  3259 | Ossuary  | Entered an ossuary
  3486 | Ossuary  | Reached skill level 7 in Axes
  3662 | D:5      | Identified a scroll of acquirement
  3662 | D:5      | Acquired 424 gold pieces
  3743 | D:5      | Noticed a yak
  3760 | D:5      | Slain by a yak

Illustrated notes

Levels and vault maps discovered:
D:1:      saegor_arrival_simple_e, layout_rooms,
          shapermc_ecumenical_altar_hornbeckon, minmay_surrounded
D:2:      layout_rooms, serial_undead, serial_undead_b, serial_undead_d,
          serial_undead_c, serial_undead_f, basic_altar,
          chequers_serial_rivers_marsh, minmay_rat_hole
D:3:      layout_basic, nicolae_qazlal_eye_of_the_storm, jmf_multi_god_temple,
          mainiacjoe_overflow_concentric_impassable, nrook_uturn, uniq_grinder
D:4:      minmay_evil_eye, layout_loops_ring
D:5:      kennysheep_big_flooded_room, layout_rooms, led_xom_imps,
          nicolae_overflow_squiral, nicolae_ossuary_entry_giza, serial_shops,
          nicolae_shop_crystal

Skill      XL: |  1  2  3  4  5  6  7  8 |
---------------+-------------------------+-----
Axes           | 2 3 4 5 6 7 |  7.6
Armour         | 4 5 |  5.9
Fighting       | 4 5 |  5.7
Shields        | 4 |  4.5
Dodging        | |  0.3

Action                   |  1- 3 |  4- 6 |  7- 9 || total
-------------------------+-------+-------+-------++-------
Melee: War axe           |   119 |    52 |   224 ||   395
  Use: Scroll            |    11 |     3 |     4 ||    18
Armor: Scale mail        |     5 |       |       ||     5
       Plate armour      |    88 |    53 |   167 ||   308
Dodge: Dodged            |    44 |    22 |    52 ||   118
Block: Buckler           |    22 |    10 |    54 ||    86

Table legend: (Time is in decaauts)
 A = Elapsed time spent in this place.
 B = Non-inter-level travel time spent in this place.
 C = Inter-level travel time spent in this place.
 D = Time resting spent in this place.
 E = Time spent auto-exploring this place.
 F = Levels seen in this place.
 G = Mean time per level.
                   A        B        C        D        E       F      G
               +--------+--------+--------+--------+--------+-----+--------+
         Total |   3887 |   3806 |     81 |    296 |   2469 |   6 |  647.8 |
       Dungeon |   3461 |   3380 |     81 |    296 |   2257 |   5 |  692.2 |
       Ossuary |    426 |    426 |      0 |      0 |    212 |   1 |  426.0 |
               +--------+--------+--------+--------+--------+-----+--------+

Top non-repeatable levels by time:
     D:3: 1266 daAuts
     D:4: 943 daAuts
     D:1: 543 daAuts
     D:2: 469 daAuts
 Ossuary: 426 daAuts
     D:5: 237 daAuts
